 Dungeon Crawl Stone Soup version 0.31.0-9-g3a7656b989 (webtiles) character file.

Game seed: 1795291943629052385

68 qw the Shooter (level 4, -1/25 HPs)
             Began as a Deep Elf Hunter on Feb 2, 2024.
             Slain by an orc wizard
             ... wielding a +0 dagger
              (2 damage)
             ... on level 3 of the Dungeon.
             The game lasted 00:00:05 (1852 turns).

qw the Shooter (Deep Elf Hunter)                    Turns: 1852, Time: 00:00:06

Health: -1/25      AC:  6    Str: 10    XL:     4   Next: 1%
Magic:  6/6        EV: 12    Int: 14    God:
Gold:   133        SH:  0    Dex: 18    Spells: 3/3 levels left

rFire   . . .        a - +0 shortbow
rCold   . . .        (shield currently unavailable)
rNeg    . . .        c - +0 leather armour
rPois   .            (no helmet)
rElec   .            k - +0 cloak
rCorr   .            (no gloves)
SInv    .            h - +1 pair of boots
Will    .....        j - amulet of the acrobat
Stlth   ++           (no ring)
HPRegen 0.24/turn    (no ring)
MPRegen 0.10/turn

%: acrobat
@: no status effects
A: no striking features
a: no special abilities


You were on level 3 of the Dungeon.
You visited 1 branch of the dungeon, and saw 3 of its levels.

You collected 133 gold pieces.


   Skills:
 - Level 1.5 Fighting
 + Level 7.4 Ranged Weapons
 - Level 2.4 Dodging
 - Level 1.2 Stealth


You had 3 spell levels left.
You didn't know any spells.
Your spell library was empty.

Inventory:

Hand Weapons
 a - a +0 shortbow (weapon)
Armour
 c - a +0 leather armour (worn)
 h - a +1 pair of boots (worn)
 k - a +0 cloak (worn)
Jewellery
 j - an amulet of the acrobat (around neck)
Wands
 f - a wand of iceblast (11)
Scrolls
 l - a scroll of teleportation {unknown}
 m - a scroll of identify {unknown}
Potions
 b - a potion of might {unknown}
 d - 2 potions of enlightenment {unknown}
 e - a potion of lignification {unknown}
 g - 2 potions of heal wounds {unknown}
 i - a potion of attraction {unknown}
 n - a potion of curing {unknown}

Dungeon Overview and Level Annotations

Branches:
Dungeon (3/15)

Altars:
Dithmenos


Message History

You shoot an arrow. The arrow hits the orc.
The orc is heavily wounded.
An orc comes into view. It is wielding a +0 club.
You shoot an arrow.
The arrow hits the orc but does no damage.
The orc is heavily wounded.
Something hits you.
You shoot an arrow. The arrow hits the orc.
You kill the orc!
Something barely misses you. The orc barely misses you.
You shoot an arrow.
The arrow hits the orc but does no damage.
Something hits you. The orc barely misses you.
You shoot an arrow. The arrow hits the orc.
The orc is severely wounded.
The orc barely misses you. Something hits you but does no damage.
The orc closely misses you.
You shoot an arrow. The arrow hits the orc.
You kill the orc!
The orc closely misses you.
You hear some strange, mumbled words.
A magic dart appears from out of thin air!
The magic dart hits you!
You shoot an arrow. The arrow closely misses the orc.
The orc barely misses you. Something hits you.
You shoot an arrow. The arrow hits the orc.
You kill the orc!
Something hits you.
You have reached level 4!
You feel clever.
You shoot an arrow. Something hits you.
You shoot an arrow. Something hits you.
You shoot an arrow. Something hits you.
You shoot an arrow.
Something hits you but does no damage. x2
You shoot an arrow. Something hits you.
You die...

# ############ ..
..##<.....# #.#
#.##.####.#####
#...##.##.##...%...#
##.#..))......#.###.#
......{@##.####.# #.#
....###.##.# #.#
#.### ... ..##.. ..#
#...# . .####### ###
#...# .. #...# ..
####### ##.## ...
#.....#######.# ...
#..........##.#
#.....####.##.#


There were no monsters in sight!

Vanquished Creatures
  An adder (D:3)
  2 dart slugs
  3 orcs (D:3)
  A ball python (D:2)
  5 endoplasms
  4 giant cockroaches
  3 goblins
  8 hobgoblins
  5 quokkas
  7 bats
  2 frilled lizards (D:1)
  A kobold (D:1)
  3 rats
45 creatures vanquished.

Notes
Turn   | Place    | Note
-------+----------+-------------------------------------------
     0 | D:1      | qw the Deep Elf Hunter began the quest for the Orb.
     0 | D:1      | Reached XP level 1. HP: 12/12 MP: 3/3
     0 | D:1      | 0 ||| qw: Version: 0.3-a-155-g5e7d8dd
     0 | D:1      | 0 ||| qw: Game counter: 655
     0 | D:1      | 0 ||| qw: Melee chars always use a shield: true
     0 | D:1      | 0 ||| qw: God list: Okawaru
     0 | D:1      | 0 ||| qw: Allow faded altars: false
     0 | D:1      | 0 ||| qw: Do Orc after clearing Dungeon:15 true
     0 | D:1      | 0 ||| qw: Do second Lair branch before Depths: true
     0 | D:1      | 0 ||| qw: Lair rune preference: random
     0 | D:1      | 0 ||| qw: Goals: Normal
     0 | D:1      | 0 ||| PLANNING D:1-11
   291 | D:1      | Reached skill level 6 in Ranged Weapons
   291 | D:1      | Reached XP level 2. HP: 16/16 MP: 4/4
   647 | D:1      | 647 ||| READING scroll labelled JICOINTAOV.
   679 | D:1      | 679 ||| READING scroll labelled FUAQYO QEUSAF.
   679 | D:1      | 679 ||| ENCHANTING +0 shortbow.
   680 | D:1      | 680 ||| READING scroll labelled GUNYDI XIC EVA.
   681 | D:1      | 681 ||| READING scroll labelled NEIROA GOCIO.
   782 | D:1      | 782 ||| DROPPING scroll of butterflies.
   892 | D:2      | Reached XP level 3. HP: 20/20 MP: 5/5
  1446 | D:2      | 1446 ||| UPGRADING to +0 pair of boots.
  1451 | D:2      | 1451 ||| UPGRADING to +0 cloak.
  1456 | D:2      | 1456 ||| READING scroll of enchant armour.
  1456 | D:2      | 1456 ||| ENCHANTING +0 pair of boots.
  1457 | D:2      | 1457 ||| UPGRADING to amulet of the acrobat.
  1516 | D:3      | 1516 ||| PLANNING SEWER
  1594 | D:3      | Found a shadowy altar of Dithmenos.
  1615 | D:3      | Reached skill level 7 in Ranged Weapons
  1847 | D:3      | HP: 5/20 [something (2)]
  1848 | D:3      | Reached XP level 4. HP: 7/25 MP: 6/6
  1849 | D:3      | HP: 2/25 [something (3)]
  1852 | D:3      | Slain by an orc wizard

Levels and vault maps discovered:
D:1:      scummos_arrival_star, layout_loops_ring, minmay_ruptured
D:2:      layout_rooms, minmay_fountain_box, serial_bayou_lake_a
D:3:      layout_loops_cross, old_standard_altar, portal_sewer_entry_d,
          roderic_three_in_a_row, hangedman_decor_lopped, st_stairs_7,
          uniq_grinder

Skill      XL: |  1  2  3 |
---------------+----------+-----
Ranged Weapons | 6 7 |  7.4
Fighting       | |  1.5
Dodging        | |  2.4
Stealth        | |  1.2

Action                     |  1- 3 |  4- 6 || total
---------------------------+-------+-------++-------
   Fire: Shortbow          |   115 |     5 ||   120
    Use: Scroll            |     5 |       ||     5
 Armour: Leather armour    |    13 |     6 ||    19
  Dodge: Dodged            |    26 |       ||    26

Table legend:
 A = Non-vault XP
 B = Vault XP
 C = Vault XP percentage of total XP
 D = Non-vault monster count
 E = Vault monster count
 F = Vault count percentage of total count
                 A         B        C        D         E       F
            +---------+---------+-------+---------+---------+-------
      Total |      95 |       3 |   3.1 |      43 |       2 |   4.4
            +---------+---------+-------+---------+---------+-------
        D:1 |      31 |       3 |   8.8 |      17 |       2 |  10.5
        D:2 |      26 |       0 |   0.0 |      13 |       0 |   0.0
        D:3 |      38 |       0 |   0.0 |      13 |       0 |   0.0
            +---------+---------+-------+---------+---------+-------
